 Dungeon Crawl Stone Soup version 0.29-a0-414-g5075937ec3 (webtiles) character file.

Game seed: 2295243781080017448

667 runemasterragnar the Changer (level 7, -1/57 HPs)
             Began as a Yellow Draconian Transmuter on May 15, 2022.
             Slain by Crazy Yiuf
             ... wielding a +2 quarterstaff of chaos
              (3 damage)
             ... while paralysed by Crazy Yiuf
             ... on level 4 of the Dungeon.
             The game lasted 00:07:08 (4282 turns).

runemasterragnar the Changer (DrTm)                 Turns: 4282, Time: 00:07:10

Health: -1/57      AC:  2    Str: 13    XL:     7   Next: 31%
Magic:  12/12      EV:  5    Int: 15    God:
Gold:   161        SH:  0    Dex: 16    Spells: 6/12 levels left

rFire   . . .      SeeInvis .     - Unarmed
rCold   . . .      Faith    .   (shield currently unavailable)
rNeg    . . .      Spirit   .   (body armour unavailable)
rPois   x          Reflect  .   (helmet currently unavailable)
rElec   .          Harm     .   (cloak currently unavailable)
rCorr   .          Rampage  .   (gloves currently unavailable)
Will    .....                   (boots currently unavailable)
Stlth   +.........              b - amulet of magic regeneration
HPRegen 0.19/turn               (no ring)
MPRegen 0.53/turn               (no ring)

@: paralysed, lethally poisoned (-1 -> -16), spider-form
A: venomous fangs, (spit acid), AC +6, tiny, unfitting armour, (cold-blooded),
(acid resistance)
a: End Transformation


You were on level 4 of the Dungeon.
You were a venomous arachnid creature.
You visited 1 branch of the dungeon, and saw 4 of its levels.

You collected 161 gold pieces.

Inventory:

Armour
 l - an orb of mayhem
Jewellery
 b - an amulet of magic regeneration (around neck)
 h - a ring of poison resistance
Wands
 f - a wand of acid (8)
Scrolls
 a - a scroll of noise
 e - a scroll of fog {unknown}
 j - 2 scrolls of fear
 k - a scroll of enchant armour {unknown}
Potions
 c - 2 potions of curing
 d - a potion of mutation {unknown}
 g - a potion of resistance
 i - 2 potions of attraction
 m - 3 potions of might


   Skills:
 + Level 3.5 Fighting
 + Level 3.3 Dodging
 + Level 4.4 Unarmed Combat
 + Level 3.4 Spellcasting
 * Level 5.0 Transmutations


You had 6 spell levels left.
You knew the following spells:

 Your Spells              Type           Power      Damage    Failure   Level
a - Beastly Appendage     Tmut           34%        N/A       10%         1
b - Wereblood             Tmut           17%        N/A       12%         2
c - Spider Form           Tmut/Pois      10%        N/A       41%         3

Your spell library contained the following spells:

 Spells                   Type           Power      Damage    Failure   Level
 Passwall                 Tmut/Erth      8%         N/A       26%         2
 Animate Skeleton         Necr           4%         N/A       38%         1
 Apportation              Tloc           4%         N/A       38%         1
 Magic Dart               Conj           8%         1d3       38%         1
 Summon Small Mammal      Summ           8%         N/A       38%         1
 Call Imp                 Summ           2%         N/A       50%         2
 Corpse Rot               Necr/Air       4%         N/A       50%         2
 Ensorcelled Hibernation  Hex/Ice        4%         N/A       50%         2
 Poisonous Vapours        Pois/Air       4%         N/A       50%         2
 Mephitic Cloud           Conj/Pois/Air  2%         N/A       71%         3
 Swiftness                Air            2%         N/A       71%         3
 Ice Form                 Ice/Tmut       10%        N/A       77%         4


Dungeon Overview and Level Annotations

Branches:
Dungeon (4/15)
 Temple: D:4-7

Altars:
Dithmenos
Qazlal
Ru

Annotations:
D:4 Crazy Yiuf


Innate Abilities, Weirdness & Mutations

You are a venomous arachnid creature.
You have poisonous fangs.
You are tiny and dextrous.
Your spellcasting is less reliable in this form.
Your armour is entirely melded.
You are incapable of wielding weapons or throwing items.
((You can spit globs of acid.))
((Your golden yellow scales are hard. (AC +6)))
You cannot fit into any form of body armour.
((You are cold-blooded and may be slowed by cold attacks.))
((You are resistant to acid. (rCorr)))


Message History

No target in view!
No target in view!
d - a golden potion You see here a +0 club.
Your transformation is almost over.
Your horns disappear.
Your talons disappear.
There is an open door here.
Key pressed, stopping explore.
As you open the door, it creaks loudly!
There is an open door here.
There is an open door here.
Items here: ( )))) [[.
Things that are here:
a +0 hand axe; a +0 leather armour; a +0 club Crazy Yiuf shouts!
Crazy Yiuf yells, "Cod!"
Could not explore, unopened runed door.
Casting: Beastly Appendage (safe; 2% risk of failure)
Confirm with . or Enter, or press ? or * to list all spells.
You turn into a venomous arachnid creature.
You open the door. You hit Crazy Yiuf.
Crazy Yiuf is poisoned.
Crazy Yiuf is lightly wounded.
Crazy Yiuf hits you with a +2 quarterstaff of chaos!
Crazy Yiuf freezes you.
You barely miss Crazy Yiuf.
Crazy Yiuf is lightly wounded.
Crazy Yiuf hits you with a +2 quarterstaff of chaos!
You suddenly lose the ability to move!
Crazy Yiuf hits you with a +2 quarterstaff of chaos!
Crazy Yiuf burns you.
Crazy Yiuf hits you with a +2 quarterstaff of chaos.
You are lethally poisoned!
* * * LOW HITPOINT WARNING * * *
You feel very sick.
Crazy Yiuf says, "Gum pizzabubble eyeball!"
Crazy Yiuf hits you with a +2 quarterstaff of chaos!
* * * LOW HITPOINT WARNING * * *
Crazy Yiuf burns you.
You die...

#.#
#....###.........#.
#.# #....#
#.........#. #.#
♣.PPP♣ #.........#.
#.# ♣♣.P)♣
#.........#. #.#
♣♣.♣♣ #.........#.
#.# ♣♣.♣
##########.. #.#
♣.♣♣ #...........
### ♣♣.♣
##########.# ♣s♣♣
#.... #g# #.#.# ...
#.#.# #)..# #.#.#
#).)# #.#.. #####
#.### #.... #####


You could see Crazy Yiuf (very poisoned).

Vanquished Creatures
  Grinder (D:3)
  An ogre (D:4)
  A phantom (D:4)
  Terence (D:2)
  Natasha (twice) (D:3)
  3 orc wizards
  5 adders
  2 worms
  3 dart slugs
  10 orcs
  6 ball pythons
  9 endoplasms
  5 giant cockroaches
  6 goblins
  7 hobgoblins
  3 jackals (D:2)
  6 quokkas
  2 bats (D:2)
  5 frilled lizards
  9 kobolds
  3 rats
90 creatures vanquished.

Vanquished Creatures (others)
  10 plants (D:4)
10 creatures vanquished.

Grand Total: 100 creatures vanquished

Notes
Turn   | Place    | Note
-------+----------+-------------------------------------------
     0 | D:1      | runemasterragnar the Draconian Transmuter began the quest
                  | for the Orb.
     0 | D:1      | Reached XP level 1. HP: 16/16 MP: 3/3
    71 | D:1      | Found a faded altar of an unknown god.
   531 | D:1      | Reached XP level 2. HP: 23/23 MP: 5/5
   912 | D:2      | Reached XP level 3. HP: 18/28 MP: 6/6
   920 | D:2      | Learned a level 2 spell: Wereblood
   924 | D:2      | Learned a level 3 spell: Spider Form
  1445 | D:2      | Reached XP level 4. HP: 36/36 MP: 7/7
  1453 | D:2      | Reached skill level 3 in Transmutations
  1457 | D:2      | Noticed Terence
  1469 | D:2      | Killed Terence
  2011 | D:3      | Noticed Natasha
  2020 | D:3      | Killed Natasha
  2021 | D:3      | Reached XP level 5. HP: 32/41 MP: 8/8
  2467 | D:3      | Found a stormy altar of Qazlal.
  2649 | D:3      | Noticed Grinder
  2658 | D:3      | Killed Grinder
  2659 | D:3      | Reached skill level 4 in Transmutations
  2659 | D:3      | Reached XP level 6. HP: 22/50 MP: 10/10
  2783 | D:3      | Noticed Natasha
  2790 | D:3      | Killed Natasha
  2873 | D:3      | Found a faded altar of an unknown god.
  2891 | D:3      | Found a shadowy altar of Dithmenos.
  3202 | D:4      | Your scales start taking on a golden yellow colour.
  3202 | D:4      | Reached XP level 7. HP: 25/57 MP: 10/12
  3202 | D:4      | Gained mutation: You are resistant to acid. (rCorr) [Yellow
                  | Draconian growth]
  3441 | D:4      | Found a sacrificial altar of Ru.
  3559 | D:4      | Reached skill level 5 in Transmutations
  4045 | D:4      | Found a runed translucent door.
  4046 | D:4      | Noticed Crazy Yiuf
  4279 | D:4      | Paralysed by Crazy Yiuf for 4 turns
  4282 | D:4      | HP: 2/57 [Crazy Yiuf/+2 quarterstaff of chaos (11)]
  4282 | D:4      | Slain by Crazy Yiuf

Illustrated notes

Levels and vault maps discovered:
D:1:      mrwooster_arrival_statue_3, layout_basic,
          hellmonk_ecumenical_altar_run_dry
D:2:      layout_loops_ring, minmay_octomino_e4, uniq_terence
D:3:      layout_basic, nicolae_overflow_hidden_temple,
          nicolae_overflow_ecumenical_swirl, uniq_natasha, uniq_grinder
D:4:      layout_basic, mainiacjoe_overflow_chevrons, minmay_misc_feat_tower,
          uniq_crazy_yiuf_cottage

Skill      XL: |  1  2  3  4  5  6  7 |
---------------+----------------------+-----
Dodging        | 2 3 |  3.3
Transmutations | 3 4 5 |  5.0
Fighting       | 2 3 |  3.5
Unarmed Combat | 4 |  4.4
Spellcasting   | 3 |  3.4

Action                   |  1- 3 |  4- 6 |  7- 9 || total
-------------------------+-------+-------+-------++-------
Melee: Unarmed           |    97 |   106 |    41 ||   244
       Headbutt          |    11 |     3 |     7 ||    21
       Kick              |    22 |     9 |     5 ||    36
       Tailslap          |    10 |     2 |     4 ||    16
       Punch             |       |     2 |       ||     2
 Cast: Beastly Appendage |    21 |    10 |     8 ||    39
       Spider Form       |     2 |     7 |     2 ||    11
       Wereblood         |     1 |     2 |     1 ||     4
 Abil: Breathe Acid      |       |       |     6 ||     6
  Use: Potion            |       |     3 |       ||     3
       Scroll            |       |     3 |     2 ||     5
 Stab: Sleeping          |     1 |     1 |       ||     2
Armor: Skin              |    20 |    13 |     4 ||    37
Dodge: Dodged            |    55 |    39 |    25 ||   119

Table legend: (Time is in decaauts)
 A = Elapsed time spent in this place.
 B = Non-inter-level travel time spent in this place.
 C = Inter-level travel time spent in this place.
 D = Time resting spent in this place.
 E = Time spent auto-exploring this place.
 F = Levels seen in this place.
 G = Mean time per level.
                   A        B        C        D        E       F      G
               +--------+--------+--------+--------+--------+-----+--------+
         Total |   4248 |   4190 |     58 |     27 |   3533 |   4 | 1062.0 |
       Dungeon |   4248 |   4190 |     58 |     27 |   3533 |   4 | 1062.0 |
               +--------+--------+--------+--------+--------+-----+--------+

Top non-repeatable levels by time:
     D:4: 1152 daAuts
     D:2: 1149 daAuts
     D:3: 1110 daAuts
     D:1: 835 daAuts
